 Dungeon Crawl Stone Soup version 0.29.1-13-g9f3cf754e1 (webtiles) character file.

Game seed: 16677518083739904275

39 mikeweasel the Trooper (level 3, 0/29 HPs)
             Began as a Demonspawn Fighter on Jan 27, 2023.
             Slain by a gnoll
             ... wielding a +0 halberd
              (3 damage)
             ... on level 2 of the Dungeon.
             The game lasted 00:08:43 (1552 turns).

mikeweasel the Trooper (Demonspawn Fighter)         Turns: 1552, Time: 00:08:43

Health: 0/29       AC: 11    Str: 16    XL:     3   Next: 28%
Magic:  0/3        EV:  8    Int: 11    God:
Gold:   49         SH:  4    Dex: 12    Spells: 2/2 levels left

rFire   . . .      SeeInvis .   a - +0 war axe
rCold   . . .      Faith    .   c - +0 buckler
rNeg    . . .      Spirit   +   g - +0 chain mail {rPois}
rPois   +          Reflect  .   (no helmet)
rElec   .          Harm     .   (no cloak)
rCorr   .          Rampage  .   h - +1 pair of gloves
Will    .....                   (no boots)
Stlth   ..........              e - amulet of guardian spirit
HPRegen 0.09/turn               f - ring of wizardry
MPRegen 0.08/turn               (no ring)

@: hasted, very quick
A: repulsion field 1
a: no special abilities


You were on level 2 of the Dungeon.
You visited 1 branch of the dungeon, and saw 2 of its levels.

You collected 59 gold pieces.
You spent 10 gold pieces at shops.

Inventory:

Hand Weapons
 a - a +0 war axe (weapon)
Armour
 b - a +0 scale mail
 c - a +0 buckler (worn)
 g - a +0 chain mail of poison resistance (worn)
 h - a +1 pair of gloves (worn)
Jewellery
 e - an amulet of guardian spirit (around neck)
 f - a ring of wizardry (left hand)
Potions
 d - a potion of might


   Skills:
 + Level 3.3 Fighting
 + Level 2.4 Axes
 + Level 3.1 Armour
 + Level 2.9 Shields


You had 2 spell levels left.
You didn't know any spells.
Your spell library contained the following spells:

 Spells                   Type           Power      Damage    Failure   Level
 Slow                     Hex            0%         N/A       96%         1
 Confusing Touch          Hex            0%         N/A       100%        3
 Vampiric Draining        Necr           0%         2d6       100%        3


Dungeon Overview and Level Annotations

Branches:
Dungeon (2/15)

Altars:

Shops:
D:1 :   D:2 (


Innate Abilities, Weirdness & Mutations

You are surrounded by a mild repulsion field. (EV +2)


Message History

The quokka bites you but does no damage.
You slash the quokka!
You kill the quokka!
You see here a quokka corpse.
A gnoll comes into view. It is wielding a +0 halberd.
The gnoll shouts!
The gnoll moves out of view.
Throw: dart (poison)
Press: ? - help, Q - select action Shift-Dir - straight line, f - gnoll
Aim: a gnoll, wielding a +0 halberd (61% to hit)
You throw a poisoned dart. The poisoned dart hits the gnoll.
A gnoll comes into view. It is wielding a +0 halberd.
The gnoll shouts!
A gnoll comes into view. It is wielding a +0 spear.
The gnoll hits you with a +0 halberd.
A gnoll comes into view. It is wielding a +0 club.
You closely miss the gnoll.
The gnoll shouts!
The gnoll hits you with a +0 halberd. The gnoll closely misses you.
You barely miss the gnoll. You block the gnoll's attack.
The gnoll hits you with a +0 halberd.
You barely miss the gnoll.
The gnoll hits you from afar with a +0 halberd!
You block the gnoll's attack. The gnoll attacks as you move away!
The gnoll completely misses you. The gnoll barely misses you.
As you read the scroll of fear, it crumbles to dust.
You assume a fearsome visage.
The gnoll looks frightened! x2
You hit the gnoll but do no damage. The gnoll hits you with a +0 halberd!
* * * LOW HITPOINT WARNING * * *
The gnoll hits you but does no damage.
It was a potion of haste.
You feel yourself speed up. The gnoll closely misses you.
The gnoll closely misses you.
You don't know any spells.
You see here a quokka corpse.
You start resting.
A gnoll is nearby!
The gnoll hits you from afar with a +0 halberd.
You die...

####### #......)...#
#.....####†########.#
#..........# #.#
#..........# #.#
#####......# #.# #......#
#.# #†.....# #.####
#......########....
#......@........g.#
##....g###########.#####
............†.............
###....###########...####.
#....# .......#...# ######
#.#####.....#
#.......#.#.#
###########.#.#...
.g.(.g.g..#.#.#####


You could see a gnoll.

Vanquished Creatures
  An adder (D:2)
  A ball python (D:1)
  2 endoplasms (D:1)
  2 giant cockroaches (D:1)
  3 goblins (D:1)
  3 hobgoblins (D:1)
  2 kobolds
  4 quokkas
  2 bats (D:1)
  2 frilled lizards (D:1)
  5 rats
27 creatures vanquished.

Vanquished Creatures (others)
  3 plants (D:1)
3 creatures vanquished.

Grand Total: 30 creatures vanquished

Notes
Turn   | Place    | Note
-------+----------+-------------------------------------------
     0 | D:1      | mikeweasel the Demonspawn Fighter began the quest for the
                  | Orb.
     0 | D:1      | Reached XP level 1. HP: 18/18 MP: 1/1
   377 | D:1      | Gained mutation: You are surrounded by a mild repulsion
                  | field. (EV +2) [demonic ancestry]
   377 | D:1      | Reached XP level 2. HP: 23/24 MP: 2/2
   728 | D:1      | Found Huag's Book Boutique.
  1113 | D:2      | Found Guafy's Weapon Shoppe.
  1124 | D:2      | Bought 2 poisoned darts for 10 gold pieces
  1150 | D:2      | Reached XP level 3. HP: 29/29 MP: 3/3
  1515 | D:2      | HP: 1/29 [gnoll/+0 halberd (8)]
  1552 | D:2      | Slain by a gnoll

Illustrated notes

Levels and vault maps discovered:
D:1:      elethiomel_arrival_quiet, layout_basic, serial_shops,
          nicolae_shop_statue_plus, serial_bayou_lake_a
D:2:      layout_basic, serial_shops, nicolae_shop_hallway_stairs, shop, shop,
          basic_ecumenical_altar

Skill      XL: |  1  2 |
---------------+-------+-----
Axes           | 2 |  2.4
Armour         | 3 |  3.1
Fighting       | |  3.3
Shields        | |  2.9

Action                   || total
-------------------------++-------
Melee: War axe           ||    73
Throw: Dart              ||     3
  Use: Scroll            ||     8
       Potion            ||     2
Armor: Scale mail        ||    10
       Chain mail        ||    18
Dodge: Dodged            ||    32
Block: Buckler           ||    13
